 Dungeon Crawl Stone Soup version 0.30.2 (webtiles) character file.

Game seed: 17704316538292088316

7539 porpoise the Skirmisher (level 11, -4/67 HPs)
             Began as a Kobold Hunter on Jan 26, 2024.
             Was an Elder of Fedhas.
             Slain by a vampire (11 damage)
             ... on level 10 of the Dungeon.
             The game lasted 00:27:32 (11978 turns).

porpoise the Skirmisher (Kobold Hunter)            Turns: 11978, Time: 00:27:34

Health: -4/67      AC: 13    Str: 12    XL:     11   Next: 39%
Magic:  16/16      EV: 18    Int: 10    God:    Fedhas [****..]
Gold:   137        SH:  0    Dex: 23    Spells: 7/10 levels left

rFire   . . .        a - +1 shortbow
rCold   . . .        (shield currently unavailable)
rNeg    . . .        A - +3 ring mail "Jolococe" {rPois Str+3}
rPois   +            H - +0 helmet
rElec   .            q - +2 cloak
rCorr   .            (no gloves)
SInv    .            (no boots)
Will    +....        (no amulet)
Stlth   ++++         F - ring of willpower
HPRegen 0.31/turn    (no ring)
MPRegen 0.15/turn

%: no passive effects
@: no status effects
A: small, no large weapons, nightstalker 3
a: Renounce Religion, Wall of Briars, Grow Ballistomycete, Overgrow


You were on level 10 of the Dungeon.
You worshipped Fedhas.
Fedhas was greatly pleased with you.
You visited 1 branch of the dungeon, and saw 10 of its levels.
You also visited: Bailey.

You collected 538 gold pieces.
You spent 401 gold pieces at shops.

Inventory:

Hand Weapons
 a - a +1 shortbow (weapon)
 n - a +0 arbalest of flaming
 y - a +0 hand axe of pain
 M - a +0 broad axe
 Q - a +2 dagger of venom
Missiles
 h - 21 boomerangs
 o - 23 poisoned darts
 C - 2 silver boomerangs
 L - 2 curare-tipped darts
Armour
 q - a +2 cloak (worn)
 A - the +3 ring mail "Jolococe" (worn) {rPois Str+3}
   (You bought it in a shop on level 7 of the Dungeon)

   Str:       It affects your strength (+3).
   rPois:     It protects you from poison.
 E - a +0 leather armour of cold resistance
 H - a +0 helmet (worn)
 T - +0 steam dragon scales
Magical Staves
 r - a staff of air
Jewellery
 F - a ring of willpower (left hand)
 S - an amulet of magic regeneration
Wands
 c - a wand of iceblast (7)
 v - a wand of paralysis (9)
 x - a wand of flame (4)
 D - a wand of light (4)
 I - a wand of mindburst (12)
 J - a wand of digging (13)
Scrolls
 b - 3 scrolls of immolation
 d - a scroll of vulnerability {unknown}
 e - 4 scrolls of torment
 f - a scroll of enchant armour {unknown}
 l - a scroll of enchant weapon
 p - 8 scrolls of teleportation
 s - a scroll of magic mapping
 B - 2 scrolls of blinking
 N - 2 scrolls of summoning {unknown}
 O - a scroll of fear {unknown}
 P - a scroll of noise
Potions
 g - a potion of lignification {unknown}
 i - 3 potions of curing
 j - 2 potions of magic {unknown}
 k - 2 potions of resistance
 m - a potion of flight {unknown}
 t - a potion of attraction {unknown}
 u - a potion of heal wounds
 w - 4 potions of haste
 z - 2 potions of brilliance {unknown}
 G - a potion of invisibility {unknown}
 K - 3 potions of might
 R - a potion of berserk rage


   Skills:
 - Level 7.0 Fighting
 - Level 14.0 Ranged Weapons
 + Level 3.2 Armour
 - Level 7.0 Dodging
 - Level 7.0 Stealth
 - Level 7.0 Invocations
 - Level 7.0 Evocations


You had 7 spell levels left.
You knew the following spells:

 Your Spells              Type           Power      Damage    Failure   Level
a - Portal Projectile     Hex/Tloc       0%         N/A       94%         3

Your spell library contained the following spells:

 Spells                   Type           Power      Damage    Failure   Level
 Magic Dart               Conj           0%         1d3       63%         1
 Slow                     Hex            0%         N/A       63%         1
 Call Imp                 Summ           0%         N/A       77%         2
 Cigotuvi's Dreadful Rot  Necr/Pois/Air  0%         N/A       77%         2
 Searing Ray              Conj           0%         2d4       77%         2
 Call Canine Familiar     Summ           0%         N/A       94%         3
 Confusing Touch          Hex            0%         N/A       94%         3
 Mephitic Cloud           Conj/Pois/Air  0%         N/A       94%         3
 Vampiric Draining        Necr           0%         2d6       94%         3
 Dispel Undead            Necr           0%         3d6       100%        4
 Fulminant Prism          Conj/Hex       0%         3d5       100%        4
 Leda's Liquefaction      Hex/Erth       0%         N/A       100%        4
 Blade Hands              Tmut           0%         N/A       100%        5
 Irradiate                Conj/Tmut      0%         3d11      100%        5
 Death Channel            Necr           0%         N/A       100%        6
 Dragon Form              Tmut           0%         N/A       100%        7


Dungeon Overview and Level Annotations

Branches:
Dungeon (10/15)            Temple (0/1) D:5            Lair (0/5) D:9
 Bailey (visited)
    Orc: D:9-12

Altars:
Ashenzari
Cheibriados
Dithmenos
Elyvilon
Fedhas
Hepliaklqana
Okawaru
Ru
Sif Muna
Vehumet
Xom

Shops:
D:7 [   D:10 =:

Portals:
Abyss: D:10

Annotations:
D:10 2 transporters, middlethird's ghost, novice VSTm


Innate Abilities, Weirdness & Mutations

You are small and have problems with some larger weapons.
You are completely attuned to the shadows.


Message History

Level annotation: 2 transporters, middlethird's ghost, novice VSTm Welcome back, porpoise the Kobold Hunter.
Fedhas says: Spread life and death.
Press ? for a list of commands and other information.
A vampire comes into view.
You shoot an arrow.
The arrow hits the vampire but does no damage.
The vampire gestures wildly while chanting.
The vampire flickers and vanishes!
Deactivating autopickup; reactivate with Ctrl-A.
No target in view!
No target in view!
Okay, then.
Something hits you but does no damage. Something bites you!
Something draws strength from your injuries!
You shoot an arrow.
A shadow comes into view.
Something closely misses you. Something bites you but does no damage.
You shoot an arrow. Something barely misses you.
Something bites you but does no damage.
You shoot an arrow. Something barely misses you. x2
You shoot an arrow. The shadow slips into darkness.
The shadow flickers and vanishes!
Something barely misses you. Something bites you but does no damage.
You shoot an arrow. Something hits you! Something bites you but does no damage.
You shoot an arrow.
The shadow strikes at you from the darkness!
Reactivating autopickup.
Something closely misses you. Something bites you but does no damage.
Deactivating autopickup; reactivate with Ctrl-A.
You shoot an arrow. The shadow completely misses you.
Something barely misses you. Something closely misses you.
You shoot an arrow. The shadow hits you!
* * * LOW HITPOINT WARNING * * *
Something hits you!
* * * LOW HITPOINT WARNING * * *
Something bites you!
You die...
Fedhas appreciates your contribution to the ecosystem.

#.####...# .###.#
#...# .....# #...##
.....# ## .....#
....∩# .#. .....#
.....# ..... ......#
.....# ..... ....W{#
.....####...#. .....@#
..............
......##......####..#.
##...##......# #....
#...........# #....
#...........# #..#.
#...........# #..#.
#.......##..# #. #.
#.......##..# #.
#.......##..# #.


You could see a shadow.

Vanquished Creatures
  A two-headed ogre (D:9)
  Pikel (D:6)
  Maggie (D:10)
  Prince Ribbit (D:8)
  A hornet (D:9)
  A shadow (D:6)
  2 wyverns
  A yak (D:9)
  A wraith (D:9)
  A basilisk (D:9)
  A steam dragon (D:7)
  Menkaure (D:4)
  2 water moccasins
  An ice beast (D:7)
  4 sky beasts
  A black bear (D:9)
  11 orc warriors
  An ogre (D:5)
  6 centaurs
  3 lemures (D:6)
  2 phantoms (D:6)
  5 bullfrogs
  3 kobold brigands (D:9)
  3 scorpions
  2 wights (D:10)
  5 killer bees (D:9)
  2 howler monkeys (D:8)
  3 electric eels (D:8)
  2 orc priests
  3 gnoll boudas
  Crazy Yiuf (D:5)
  A hound (D:7)
  Ijyb (D:4)
  4 iguanas
  5 orc wizards
  21 gnolls
  11 adders
  A shadow imp (D:7)
  A white imp (D:5)
  2 ufetubi (D:5)
  2 worms
  4 dart slugs
  44 orcs
  6 ball pythons
  3 bats
  4 endoplasms
  4 giant cockroaches
  25 goblins
  13 hobgoblins
  8 quokkas
  2 frilled lizards
  19 kobolds
  7 rats (D:1)
261 creatures vanquished.

Vanquished Creatures (collateral kills)
  An orc warrior (Bailey)
1 creature vanquished.

Vanquished Creatures (others)
  A sleepcap (D:6)
1 creature vanquished.

Grand Total: 263 creatures vanquished

Notes
Turn   | Place    | Note
-------+----------+-------------------------------------------
     0 | D:1      | porpoise the Kobold Hunter began the quest for the Orb.
     0 | D:1      | Reached XP level 1. HP: 12/12 MP: 1/1
   149 | D:1      | Reached XP level 2. HP: 18/18 MP: 2/2
   367 | D:1      | Reached XP level 3. HP: 22/22 MP: 3/3
   458 | D:1      | Reached skill level 6 in Ranged Weapons
   965 | D:2      | Reached XP level 4. HP: 15/27 MP: 4/4
  1412 | D:2      | Reached XP level 5. HP: 20/32 MP: 5/5
  1755 | D:2      | Reached skill level 7 in Ranged Weapons
  2164 | D:3      | Reached XP level 6. HP: 24/37 MP: 6/6
  2693 | D:4      | Found a blossoming altar of Fedhas.
  2710 | D:4      | Became a worshipper of Fedhas Madash
  2925 | D:4      | Noticed Ijyb
  2939 | D:4      | Killed Ijyb
  2940 | D:4      | Reached skill level 8 in Ranged Weapons
  3101 | D:4      | Noticed Menkaure
  3108 | D:4      | Killed Menkaure
  3109 | D:4      | Reached skill level 5 in Stealth
  3109 | D:4      | Reached XP level 7. HP: 32/43 MP: 7/7
  3325 | D:5      | Entered Level 5 of the Dungeon
  3493 | D:5      | Found a broken altar of Ashenzari.
  3512 | D:5      | Reached skill level 9 in Ranged Weapons
  3542 | D:5      | Found an iron altar of Okawaru.
  3636 | D:5      | Found a white marble altar of Elyvilon.
  3645 | D:5      | Found a shimmering altar of Xom.
  3791 | D:5      | Reached * piety under Fedhas
  3919 | D:5      | Found a staircase to the Ecumenical Temple.
  4218 | D:5      | Found a runed translucent door.
  4221 | D:5      | Noticed Crazy Yiuf
  4229 | D:5      | Killed Crazy Yiuf
  4230 | D:5      | Reached XP level 8. HP: 21/48 MP: 8/8
  4852 | D:6      | Reached skill level 5 in Fighting
  4928 | D:6      | Noticed Pikel
  5046 | D:6      | Reached skill level 10 in Ranged Weapons
  5050 | D:6      | Killed Pikel
  5051 | D:6      | Reached skill level 11 in Ranged Weapons
  5051 | D:6      | Reached XP level 9. HP: 27/56 MP: 9/9
  5354 | D:6      | Learned a level 3 spell: Portal Projectile
  5505 | D:6      | Found a hazy altar of Hepliaklqana.
  6367 | D:6      | Reached ** piety under Fedhas
  6376 | D:6      | Reached skill level 12 in Ranged Weapons
  7015 | D:7      | Reached skill level 13 in Ranged Weapons
  7234 | D:7      | Found Tostranom's Armour Shop.
  7460 | D:7      | Found a radiant altar of Vehumet.
  7501 | D:7      | Reached skill level 14 in Ranged Weapons
  7670 | D:7      | Found a sacrificial altar of Ru.
  7705 | D:7      | Reached skill level 1 in Invocations
  7705 | D:7      | Reached skill level 1 in Evocations
  7705 | D:7      | Reached XP level 10. HP: 63/63 MP: 10/10
  7742 | D:7      | Bought the +3 ring mail "Jolococe" {rPois Str+3} for 401
                  | gold pieces
  8045 | D:8      | Reached *** piety under Fedhas
  8547 | D:8      | Noticed Prince Ribbit
  8552 | D:8      | Killed Prince Ribbit
  8813 | D:8      | Reached skill level 5 in Dodging
  8954 | D:9      | Found a flagged portal.
  8960 | Bailey   | Entered a bailey
  9260 | Bailey   | Reached skill level 5 in Evocations
  9538 | Bailey   | Reached **** piety under Fedhas
  9539 | Bailey   | Noticed an orc warlord
  9679 | D:9      | Noticed a two-headed ogre
  9696 | D:9      | Reached skill level 5 in Invocations
  9702 | D:9      | Killed a two-headed ogre
  9703 | D:9      | Reached XP level 11. HP: 13/67 MP: 13/15
  9900 | D:9      | Found a staircase to the Lair.
  9930 | D:9      | Paralysed by a hornet for 1 turns
  9934 | D:9      | HP: 5/100 [hornet (4)]
 10235 | D:9      | Found a shimmering blue altar of Sif Muna.
 10309 | D:9      | Found a shadowy altar of Dithmenos.
 10339 | D:9      | Found a snail-covered altar of Cheibriados.
 10389 | D:9      | Acquired a +0 arbalest of flaming
 10541 | D:9      | Reached skill level 1 in Armour
 11166 | D:10     | Entered Level 10 of the Dungeon
 11182 | D:10     | Found a transporter.
 11185 | D:10     | Found a one-way gate to the infinite horrors of the Abyss.
 11185 | D:10     | Noticed middlethird's ghost (novice VSTm)
 11185 | D:10     | Noticed a salamander
 11235 | D:10     | Found a transporter.
 11246 | D:10     | Noticed a toenail golem
 11282 | D:10     | Found Seveoxt's Book Shoppe.
 11721 | D:10     | Found Qeno's Jewellery Shoppe.
 11747 | D:10     | Noticed Maggie
 11755 | D:10     | Killed Maggie
 11978 | D:10     | Slain by a vampire

Illustrated notes

Levels and vault maps discovered:
D:1:      sevenhm_arrival_forest_fort_small_4, layout_basic, minmay_box_of_dots
D:2:      layout_loops_ring, kennysheep_donut
D:3:      layout_loops_ring
D:4:      layout_rooms, fedhas_altar_3, uniq_menkaure, uniq_ijyb
D:5:      corexii_shack_village, layout_basic, lemuel_tele_altar,
          general_overflow_altar, okawaru_trees_2, old_standard_altar,
          minmay_temple_entry_glass, kennysheep_generic_room_11,
          uniq_crazy_yiuf_cottage
D:6:      layout_basic, nzn_hepliaklqana_mist_gate, serial_aquarium,
          aquarium_bridge_square [aquarium_subvault_window,
          aquarium_subvault_bridge, aquarium_subvault_bridge,
          aquarium_subvault_bridge], aquarium_bridge_square
          [aquarium_subvault_bridge, aquarium_subvault_bridge,
          aquarium_subvault_wall, aquarium_subvault_balcony],
          aquarium_window_fake, aquarium_window_2, aquarium_window_double,
          aquarium_window_1, aquarium_view_2a, aquarium_pool_1, uniq_pikel
D:7:      layout_rooms, mainiacjoe_overflow_alcove_2, nicolae_ru_path_of_blood,
          serial_shops, kennysheep_little_box
D:8:      layout_loops_ring, serial_bayou_lagoon_b, uniq_prince_ribbit1
D:9:      layout_roguey, grunt_dithmenos_smoke_and_mirrors,
          nicolae_overflow_crystal_walls, kennysheep_slug_shrine,
          david_lair_generic, enter_bailey_3, due_unseen_surprise
D:10:     layout_long_grid, trog_hazing_becter, gammafunk_ghost_abyssal_escape,
          serial_shops, shop, shop, shop, shop_statue, centaur_isle, uniq_maggie

Skill      XL: |  1  2  3  4  5  6  7  8  9 10 11 |
---------------+----------------------------------+-----
Stealth        | 2 3 4 5 7 |  7.0
Ranged Weapons | 6 7 8 9 11 14 | 14.0
Fighting       | 3 4 6 7 |  7.0
Dodging        | 3 6 7 |  7.0
Invocations    | 1 5 7 |  7.0
Evocations     | 1 6 7 |  7.0
Armour         | 3 |  3.2

Action                     |  1- 3 |  4- 6 |  7- 9 | 10-12 || total
---------------------------+-------+-------+-------+-------++-------
  Melee: Broad axe         |       |       |       |    10 ||    10
   Fire: Shortbow          |    76 |   148 |   340 |   427 ||   991
 Invoke: Wall of Briars    |       |       |       |     2 ||     2
  Evoke: Wand              |       |     4 |       |     4 ||     8
    Use: Scroll            |       |       |    11 |     6 ||    17
         Potion            |       |       |     2 |     2 ||     4
   Stab: Sleeping          |       |       |       |     1 ||     1
 Armour: Leather armour    |     7 |    20 |    45 |       ||    72
         Ring mail         |       |       |       |    71 ||    71
  Dodge: Dodged            |    19 |    51 |   165 |   241 ||   476
